 Dungeon Crawl Stone Soup version 0.18.1-50-g88ac8fd (webtiles) character file.

29 Gargoyl the Skirmisher (level 3, 0/29 HPs)
             Began as a Demonspawn Abyssal Knight on Oct 3, 2016.
             Was a Follower of Lugonu.
             Slain by a jackal (2 damage)
             ... on level 2 of the Dungeon.
             The game lasted 00:02:09 (1141 turns).

Gargoyl the Skirmisher (Demonspawn Abyssal Knight)  Turns: 1141, Time: 00:02:10

Health: 0/29       AC: 11    Str: 12 (13) XL:     3   Next: 1%
Magic:  5/5        EV:  3    Int: 16 (18) God:    Lugonu [*.....]
Gold:   126        SH:  0    Dex: 11 (12) Spells: 0 memorised, 2 levels left

rFire  . . .     SeeInvis .     a - +1 hand axe
rCold  . . .     Gourm    .     e - +0 plate armour
rNeg   . . .     Faith    .     (no shield)
rPois  .         Spirit   .     (no helmet)
rElec  .         Dismiss  .     (no cloak)
rCorr  .         Reflect  .     (no gloves)
SustAt .         Harm     .     (no boots)
MR     .....                    (no amulet)
Stlth  ..........               (no ring)
                                (no ring)

@: brilliant, lethally poisoned (0 -> -3), not resistant to hostile
enchantments, extremely unstealthy
A: claws 1
a: Depart the Abyss, Renounce Religion


You were on level 2 of the Dungeon.
You worshipped Lugonu.
Lugonu was aware of your devotion.
You were not hungry.

You visited 1 branch of the dungeon, and saw 2 of its levels.
You visited the Abyss 1 time.

You collected 126 gold pieces.

Inventory:

Hand Weapons
 a - a +1 hand axe (weapon)
Missiles
 f - 4 silver javelins (quivered)
Armour
 e - a +0 plate armour (worn)
Jewellery
 m - an uncursed ring of fire {unknown}
Scrolls
 b - a scroll of silence {unknown}
 d - a scroll of immolation {unknown}
 g - a scroll of identify {unknown}
 j - a scroll of enchant weapon {unknown}
 l - a scroll of amnesia {unknown}
Comestibles
 c - 3 bread rations
 i - 2 slices of pizza
 n - a chunk of flesh


   Skills:
 + Level 3.2 Fighting
 + Level 1.8 Axes
 * Level 2.4 Armour
 + Level 0.8 Dodging
 * Level 3.2 Invocations


You had 2 spell levels left.
You didn't know any spells.

Dungeon Overview and Level Annotations

Branches:
Dungeon (2/15)

Altars:


Innate Abilities, Weirdness & Mutations

You have sharp fingernails.


Message History

Your plate armour prevents you from hitting the jackal.
The jackal is heavily wounded.
The jackal bites you but does no damage.
You hit the jackal.
The jackal is severely wounded.
The jackal bites you.
* * * LOW HITPOINT WARNING * * *
The jackal bites you.
* * * LOW HITPOINT WARNING * * *
Your plate armour prevents you from hitting the jackal.
The jackal is severely wounded.
* * * LOW HITPOINT WARNING * * *
You feel sick.
The jackal barks!
The jackal bites you but does no damage. x2
Unknown command.
You miss the jackal.
The jackal is severely wounded.
The jackal bites you.
You die...

.##+### ......#
############## ......#
#............# ......#
#...########.# ###'###
#...# #.#
....#####...# #.#
............# #.#
#####.###...########.#
................@hhS.#
####..#############h.#
#..# ....... #..#
#.#..#.#.# ...#
..h...#... ##.#
#.#.#.#/ ... #.# #.
.#.##.#... # # #.# .
###


You could see an adder and 3 jackals.

Vanquished Creatures
  An adder (D:2)
  A dart slug (D:1)
  3 giant cockroaches (D:1)
  3 goblins
  2 hobgoblins (D:1)
  A kobold (D:1)
  4 bats
  2 rats (D:1)
17 creatures vanquished.

Notes
Turn   | Place    | Note
--------------------------------------------------------------
     0 | Abyss:1  | Gargoyl the Demonspawn Abyssal Knight began the quest for the Orb.
     0 | Abyss:1  | Reached XP level 1. HP: 18/18 MP: 2/2
   116 | Abyss:2  | Found a corrupted altar of Lugonu.
   147 | Abyss:2  | Noticed a worldbinder
   148 | Abyss:2  | Noticed an insubstantial wisp
   148 | Abyss:2  | Noticed an alligator
   149 | Abyss:2  | Noticed a vampire mosquito
   158 | Abyss:2  | Noticed an insubstantial wisp
   158 | Abyss:2  | Noticed a swamp drake
   158 | Abyss:2  | Noticed a vampire mosquito
   161 | Abyss:2  | Noticed a small abomination
   161 | D:1      | Escaped the Abyss
   427 | D:1      | Reached * piety under Lugonu
   474 | D:1      | Gained mutation: You have sharp fingernails. [demonic ancestry]
   474 | D:1      | Reached XP level 2. HP: 16/24 MP: 4/4
  1086 | D:2      | Reached XP level 3. HP: 28/29 MP: 5/5
  1140 | D:2      | HP: 1/29 [poisoned by an adder]
  1141 | D:2      | Slain by a jackal

Skill      XL: |  1  2 |
---------------+-------+-----
Armour         | 2 |  2.4
Invocations    | 3 |  3.2
Fighting       | |  3.2
Axes           | |  1.8
Dodging        | |  0.8

Action                   || total
-------------------------++-------
Melee: Hand axe          ||    96
Invok: Depart the Abyss  ||     1
  Use: Potion            ||     2
  Eat: Chunk             ||     1
Armor: Plate armour      ||   124
Dodge: Dodged            ||    18
